 Dungeon Crawl Stone Soup version 0.21.1-1-g345015f (webtiles) character file.

467079 tidbits the Tortoise (level 23, -5/234 HPs)
             Began as a Gnoll Ice Elementalist on Mar 31, 2018.
             Was an Elder of Cheibriados.
             Slain by an eldritch tentacle (16 damage)
             ... called by Ycsanist
             ... on level 8 of a ziggurat.
             The game lasted 04:49:21 (13198 turns).

tidbits the Tortoise (Gnoll Ice Elementalist)      Turns: 13198, Time: 04:49:23

Health: -5/234     AC: 37    Str: 28    XL:     23   Next: 48%
Magic:  14/42      EV: 37    Int: 39    God:    Cheibriados [****..]
Gold:   3404       SH: 16    Dex: 27    Spells: 2/53 levels left

rFire    . . .     SeeInvis +   f - +9 broad axe (pain)
rCold    + . .     Gourm    .   k - +0 shield of Qazlal's Envy {rC+ Int+5}
rNeg     + . .     Faith    .   (armour currently unavailable)
rPois    ∞         Spirit   .   E - +2 hat
rElec    +         Reflect  .   C - +2 cloak
rCorr    .         Harm     .   (gloves currently unavailable)
MR       +....                  (boots currently unavailable)
Stlth    +++++++...             (no amulet)
HPRegen  0.49/turn              W - ring "Nekh" {Wiz *Corrode Str+6 SInv}
MPRegen  0.28/turn              V - ring of Phasing {EV+8}

@: statue-form (expiring), studying Axes, very slow
A: distributed training, fangs 1, deformed body, sense surroundings 1, strong 1,
sturdy frame 2, strong nose
}: 5/15 runes: serpentine, barnacled, slimy, silver, abyssal
a: End Transformation, Bend Time, Temporal Distortion, Slouch, Renounce Religion


You were on level 8 of a ziggurat.
You worshipped Cheibriados.
Cheibriados was greatly pleased with you.
You were very full.
You were a stone statue.
You visited 9 branches of the dungeon, and saw 46 of its levels.
You visited the Abyss 1 time.
You visited 1 ziggurat, and saw 8 of its levels.

You collected 4484 gold pieces.
You spent 1080 gold pieces at shops.

Inventory:

Hand Weapons
 f - a +9 broad axe of pain (weapon)
   (You took it off Frederick on level 4 of the Vaults)
Missiles
 d - 16 javelins of returning (quivered)
 n - 6 throwing nets {!f}
Armour
 k - the +0 shield of Qazlal's Envy (worn) {rC+ Int+5}
   (You took it off a vault warden on level 5 of the Vaults)

   It affects your intelligence (+5).
   It protects you from cold.
 B - a +0 troll leather armour (melded)
 C - a +2 cloak (worn)
 E - a +2 hat (worn)
 F - a +2 pair of boots (melded)
 G - the +0 pair of gloves of Bedevilment (melded) {rN+ Dex+3 SInv}
   (You found it on level 5 of the Vaults)

   It affects your dexterity (+3).
   It protects you from negative energy.
   It lets you see invisible.
Magical Staves
 e - an uncursed staff of energy {!a}
   (You found it on level 4 of the Shoals)
 w - an uncursed staff of wizardry {!a}
   (You found it on level 5 of the Pits of Slime)
Jewellery
 H - the ring "Caen Ydo" {+Fly MR+}
   (You acquired it on level 6 of the Lair of Beasts)

   [ring of flight]

   It affects your resistance to hostile enchantments.
   It lets you fly.
 I - an amulet "Bitecy" {Reflect Int+2 Dex+5 SH+2}
   (You found it on level 5 of the Pits of Slime)

   [amulet of reflection]

   It shields you and reflects attacks.
   It affects your intelligence (+2).
   It affects your dexterity (+5).
   It affects your SH (+2).
 L - the ring "Nihimof" {Fire Int+6}
   (You found it on level 5 of the Pits of Slime)

   [ring of fire]

   It enhances your fire magic.
   It affects your intelligence (+6).
   It protects you from fire.
   It makes you vulnerable to cold.
 V - the ring of Phasing (right hand) {EV+8}
   (You found it on level 5 of the Pits of Slime)

   [ring of evasion]

   It affects your evasion (+8).
 W - the ring "Nekh" (left hand) {Wiz *Corrode Str+6 SInv}
   (You found it on level 5 of the Dungeon)

   [ring of wizardry]

   It improves your spell success rate.
   It affects your strength (+6).
   It lets you see invisible.
   It may corrode you when you take damage.
Wands
 p - a wand of paralysis (13)
 v - a wand of clouds (2)
 J - a wand of disintegration (18)
 R - a wand of digging (29)
 S - a wand of iceblast (4)
 X - a wand of acid (11)
Scrolls
 i - a scroll of identify
 l - 6 scrolls of blinking
 r - 10 scrolls of remove curse
 t - 10 scrolls of teleportation
 u - 3 scrolls of fear
 x - a scroll of holy word
 A - a scroll of torment
 N - 5 scrolls of immolation
 T - 3 scrolls of fog
Potions
 g - 2 potions of agility
 m - 2 potions of might
 o - 4 potions of mutation {!q}
 q - 4 potions of heal wounds
 s - 7 potions of lignification
 y - a potion of brilliance
 z - 5 potions of invisibility
 D - 2 potions of flight
 M - a potion of cancellation
 P - 8 potions of curing
 Q - 2 potions of magic
Books
 h - a book of Enchantments
   (You acquired it on level 5 of a ziggurat)

   Spells                             Type                      Level
   a - Cause Fear                     Hexes                        4
   b - Yara's Violent Unravelling     Hexes/Transmutation          5
   c - Silence                        Hexes/Air                    5
   d - Deflect Missiles               Charms/Air                   6
   e - Discord                        Hexes                        8
 K - a manual of Axes
   (You found it on level 5 of the Vaults)
 O - a book of Alchemy
   (You found it on level 3 of the Tomb of the Ancients)

   Spells                             Type                      Level
   a - Sublimation of Blood           Necromancy                   2
   b - Ignite Poison                  Fire/Transmutation/Poison    3
   c - Petrify                        Transmutation/Earth          4
   d - Alistair's Intoxication        Transmutation/Poison         5
   e - Irradiate                      Conjuration/Transmutation    5
Miscellaneous
 a - a lamp of fire
 b - a sack of spiders
 j - a lightning rod (4/4)
 U - a phantom mirror
 Y - a phial of floods
 Z - 3 boxes of beasts
Comestibles
 c - 24 rations


   Skills:
 + Level 14.9 Fighting
 + Level 14.9 Short Blades
 + Level 14.9 Long Blades
 + Level 16.4 Axes
 + Level 14.9 Maces & Flails
 + Level 14.9 Polearms
 + Level 14.9 Staves
 + Level 14.9 Slings
 + Level 14.9 Bows
 + Level 14.9 Crossbows
 + Level 14.9 Throwing
 + Level 16.6 Armour
 + Level 15.5 Dodging
 + Level 15.4 Stealth
 + Level 14.9 Shields
 + Level 14.9 Unarmed Combat
 + Level 15.6 Spellcasting
 + Level 13.0 Conjurations
 + Level 12.9 Hexes
 + Level 12.9 Charms
 + Level 12.9 Summonings
 + Level 12.9 Necromancy
 + Level 12.9 Translocations
 + Level 12.9 Transmutations
 + Level 12.9 Fire Magic
 + Level 13.8 Ice Magic
 + Level 12.9 Air Magic
 + Level 12.9 Earth Magic
 + Level 12.9 Poison Magic
 + Level 16.1 Invocations
 + Level 14.9 Evocations


You had 2 spell levels left.
You knew the following spells:

 Your Spells              Type           Power        Failure   Level  Hunger
a - Aura of Abjuration    Summ           #######...   1%          5    None
d - Death Channel         Necr           #######...   1%          6    None
g - Passage of Golubria   Tloc           N/A          1%          4    None
m - Bolt of Magma         Conj/Fire/Erth #######...   1%          5    None
s - Statue Form           Tmut/Erth      #######..    1%          6    None
v - Borgnjor's Vile Clut  Necr/Erth      #######...   1%          5    None
w - Spectral Weapon       Hex/Chrm       #######.     0%          3    None
E - Shatter               Erth           #######...   80%         9    ######.
L - Summon Lightning Spi  Summ/Air       #######.     1%          4    None
N - Animate Dead          Necr           N/A          1%          4    None


Dungeon Overview and Level Annotations

Branches:
Dungeon (14/15)              Lair (6/6) D:11         Shoals (4/4) Lair:2
  Snake (4/4) Lair:2        Slime (5/5) Lair:6          Orc (2/2) D:11
    Elf (0/3) Orc:2        Vaults (5/5) D:14          Crypt (3/3) Vaults:2
   Tomb (3/3) Crypt:3
 Temple: D:4-7

Altars:
Cheibriados
Kikubaaqudgha
Yredelemnul
Beogh
Jiyva

Shops:
D:7 !   D:8 }   Orc:1 !   Orc:2 [!*}

Annotations:
D:9 4 runed doors
D:10 exclusion: gargoyle
D:14 exclusion: meliai
Lair:6 slime
Tomb:3 Baghtru's ghost, veteran MiFi


Innate Abilities, Weirdness & Mutations

Your experience applies equally to all skills.
You have very sharp teeth.
Your uncanny sense of smell can sniff out nearby items.
Armour fits poorly on your strangely shaped body.
You passively map a small area around you.
Your muscles are strong. (Str +2)
Your movements are less encumbered by armour. (ER -4)


Message History

Cheibriados appreciates the change of pace.
Cheibriados raises the support of your attributes as your movement slows.
You feel somewhat less full.
Cheibriados lowers the support of your attributes as your movement quickens.
The zombie hands constrict the green death!
You kill the green death!
Cheibriados thoroughly appreciates the change of pace.
The zombie hands constrict the balrug.
You kill the balrug!
Cheibriados thoroughly appreciates the change of pace.
Ycsanist gestures at you. The bolt of cold misses you.
Unknown command.
Evoke which item? (* to show all) (? for menu, Esc to quit)
Aiming: Iceblast
Press: ? - help, Shift-Dir - straight line The mass of ice explodes!
The iceblast engulfs the torturous corrupter.
The torturous corrupter is heavily wounded.
The iceblast engulfs Ycsanist.
Ycsanist partially resists.
Ycsanist is moderately wounded.
The iceblast engulfs the Ice Fiend.
The Ice Fiend partially resists.
The Ice Fiend is heavily wounded.
Ycsanist gestures.
The dungeon shakes, a horrible noise fills the air, and a portal to some otherworldly place is opened!
The reaper completely misses you.
Unknown command.
Evoke which item? (* to show all) (? for menu, Esc to quit)
Aiming: Iceblast
Press: ? - help, Shift-Dir - straight line The mass of ice explodes!
The iceblast engulfs Ycsanist.
Ycsanist partially resists.
Ycsanist is heavily wounded.
Your transformation is almost over.
The Ice Fiend gestures at you. The bolt of cold hits you! You resist.
* * * LOW HITPOINT WARNING * * *
You block the reaper's attack.
You block the torturous corrupter's attack.
Unknown command.
You can feel time thicken for a moment.
You feel somewhat less full.
Cheibriados lowers the support of your attributes as your movement quickens.
You block the Ice Fiend's attack. x2
The reaper hits you from afar with a scythe of protection!
* * * LOW HITPOINT WARNING * * *
Ycsanist gestures at you.
The bolt of cold hits the Ice Fiend.
The Ice Fiend completely resists.
The bolt of cold hits you! You resist.
* * * LOW HITPOINT WARNING * * *
The torturous corrupter misses you.
An eldritch tentacle comes into view.
Evoke which item? (* to show all) (? for menu, Esc to quit)
Aiming: Iceblast
Press: ? - help, Shift-Dir - straight line, f - torturous corrupter
Aim: a torturous corrupter, wielding a glaive and wearing a shiny ring mail (severely wounded)
The mass of ice explodes!
The iceblast engulfs the torturous corrupter.
You kill the torturous corrupter!
Cheibriados thoroughly appreciates the change of pace.
The iceblast engulfs Ycsanist.
Ycsanist partially resists.
Ycsanist is severely wounded.
The iceblast engulfs the reaper.
The reaper partially resists.
You kill the reaper!
Cheibriados appreciates the change of pace.
The iceblast engulfs the Ice Fiend.
The Ice Fiend partially resists.
The Ice Fiend is almost dead.
The Ice Fiend gestures at you. The bolt of cold hits you! You resist.
* * * LOW HITPOINT WARNING * * *
Unknown command.
You can feel time thicken for a moment.
You kill the Ice Fiend!
Cheibriados appreciates the change of pace.
Cheibriados lowers the support of your attributes as your movement quickens.
You block Ycsanist's attack.
The eldritch tentacle slaps you but does no damage.
The eldritch tentacle claws you!!
* * * LOW HITPOINT WARNING * * *
The eldritch tentacle freezes you! You resist.
* * * LOW HITPOINT WARNING * * *
Unknown command.
You can feel time thicken for a moment.
You feel somewhat less full.
You can no longer step out of the time flow.
Cheibriados lowers the support of your attributes as your movement quickens.
The eldritch tentacle completely misses you.
You block the eldritch tentacle's attack.
Ycsanist hits you!
* * * LOW HITPOINT WARNING * * *
The eldritch tentacle misses you.
The eldritch tentacle closely misses you.
Ycsanist completely misses you.
Unknown command.
You can feel time thicken for a moment.
You kill Ycsanist!
Cheibriados appreciates the change of pace.
You feel somewhat less full.
Cheibriados lowers the support of your attributes as your movement quickens.
The eldritch tentacle completely misses you.
The eldritch tentacle claws you!
You die...

▓▓▓ ▓▓▓▓▓.▓▓▓▓▓
▓▓▓.........▓▓▓
▓▓.............▓▓
▓...............▓▓
...*..w..........▓
($=.──.8.........▓
|∩:..).♣♣♣♣......▓▓
:>?).)♣ ♣....∩..▓
:∩?...* ♣.......▓▓
*..... ..........▓
..... ...........▓
▓... ...........▓▓
▓▓.. ..........▓▓
........▓▓▓


You could see an eldritch tentacle.

Vanquished Creatures
  the Royal Jelly (Slime:5)
  4 ancient liches
  12 greater mummies (Tomb:1)
  Margery (Vaults:5)
  Frederick (Vaults:4)
  A Killer Klown (Zig:3)
  A golden dragon (Vaults:5)
  A pandemonium lord (Zig:8)
  A Brimstone Fiend (Zig:8)
  2 tentacled monstrosities
  Jorgrun (Vaults:5)
  2 large abominations
  An Ice Fiend (Zig:8)
  2 liches
  Asterion (Snake:2)
  2 quicksilver dragons
  A titan (Vaults:5)
  A deep elf master archer (Zig:7)
  8 sphinxes
  Polyphemus (Shoals:2)
  15 acid blobs
  2 krakens
  6 ancient champions
  Kirke (Shoals:2)
  A tentacled starspawn (Abyss:3)
  4 shadow dragons
  4 storm dragons
  4 tengu reavers
  9 azure jellies
  6 nagarajas (Snake:4)
  Ilsuiw (Shoals:4)
  A revenant (Tomb:2)
  5 fire giants
  6 frost giants
  A draconian knight (Zig:5)
  A draconian scorcher (Zig:5)
  9 vault wardens
  2 deep elf sorcerers (Vaults:5)
  A ghost moth (Abyss:3)
  An orc warlord (Orc:2)
  2 balrugs
  3 ironheart preservers
  A draconian stormcaller (Zig:5)
  3 reapers
  A corrupter (Zig:8)
  A stone giant (Vaults:4)
  A stone giant (shapeshifter) (Vaults:5)
  An entropy weaver (Vaults:4)
  3 bennus (Tomb:3)
  A black draconian (Zig:5)
  A yellow draconian (Zig:5)
  3 deep elf demonologists (Vaults:5)
  2 deep elf annihilators
  A dire elephant (shapeshifter) (Vaults:5)
  8 mummy priests
  7 ettins
  6 eidola
  A green death (Zig:8)
  3 deep elf death magi (Vaults:5)
  The ghost of buskinjo the Thrower, a journeyman OgAM of Okawaru (D:11)
  3 death oozes (Slime:5)
  A minotaur (shapeshifter) (Vaults:5)
  6 yaktaur captains
  4 merfolk javelineers
  4 deep elf high priests
  An ogre mage (Vaults:5)
  A rakshasa (Vaults:1)
  4 merfolk impalers
  24 vault guards
  7 great orbs of eyes
  2 naga warriors
  A hydra (Lair:2)
  A catoblepas (Lair:3)
  4 two-headed ogres
  3 merfolk avatars
  5 centaur warriors
  An anaconda (Snake:2)
  The ghost of Sharkov the Slicer, a journeyman HaAs of Dithmenos (D:13)
  A merfolk aquamancer (Zig:4)
  2 satyrs
  2 death yaks (Shoals:2)
  2 dancing weapons
  A tengu warrior (D:13)
  A vampire mage (Crypt:2)
  2 shock serpents
  5 naga sharpshooters (Snake:4)
  5 hell knights (Vaults:5)
  2 orc high priests (Orc:2)
  2 soul eaters (Crypt:3)
  8 deep elf knights
  A thrashing horror (Abyss:3)
  5 skeletal warriors
  2 small abominations
  2 unseen horrors
  A golden dragon zombie (Crypt:3)
  3 salamander mystics (Snake:4)
  A wretched star (Abyss:3)
  46 slime creatures
  5 deep trolls
  An anaconda zombie (Crypt:3)
  A ghost moth zombie (Crypt:3)
  3 flayed ghosts
  4 wizards
  6 sea snakes
  A swamp dragon (Abyss:3)
  2 naga ritualists (Snake:4)
  4 deep elf archers
  8 orc knights
  4 lindwurms (Lair:2)
  12 harpies
  8 ironbrand convokers
  6 necromancers
  5 phantasmal warriors
  A swamp dragon (shapeshifter) (Zig:2)
  3 shining eyes
  A mana viper (shapeshifter) (D:13)
  An oklob plant (Shoals:3)
  2 orc sorcerers
  9 ugly things
  A wolf spider zombie (Crypt:3)
  3 wolf spiders
  2 mana vipers
  A stone giant zombie (Tomb:1)
  12 deep elf magi
  4 fauns
  2 worldbinders (Abyss:3)
  6 cyclopes
  6 merfolk sirens
  2 iron dragon zombies
  9 manticores
  5 salamanders
  5 water nymphs
  An apocalypse crab (Abyss:3)
  3 vault sentinels
  Psyche (D:12)
  An iron dragon skeleton (Tomb:2)
  A guardian serpent (shapeshifter) (Vaults:1)
  A stone giant skeleton (Tomb:1)
  A dire elephant zombie (Crypt:3)
  2 eyes of devastation
  A guardian serpent (Abyss:3)
  A black mamba (shapeshifter) (Vaults:5)
  8 black mambas
  5 naga magi (Snake:4)
  A gargoyle (D:13)
  A smoke demon (Zig:8)
  3 spiny frogs
  An emperor scorpion zombie (Tomb:1)
  A kobold demonologist (D:13)
  A komodo dragon (D:11)
  8 freezing wraiths
  10 yaktaurs
  2 rime drakes
  11 guardian mummies
  20 merfolk
  5 hellwings (Crypt:3)
  2 polar bears
  An ancient zyme (Abyss:3)
  A tengu conjurer (D:13)
  2 harpy zombies
  2 wind drakes
  A hornet (shapeshifter) (Abyss:3)
  A jumping spider (shapeshifter) (Vaults:4)
  2 hornets
  A dream sheep (Shoals:2)
  4 blink frogs (Lair:3)
  2 hippogriffs (shapeshifter) (Vaults:1)
  A harpy skeleton (Crypt:3)
  A slime creature (shapeshifter) (Vaults:5)
  A fire dragon zombie (Crypt:3)
  8 snapping turtles
  7 flying skulls
  An ice dragon skeleton (Crypt:2)
  11 ushabtiu
  An ettin skeleton (Crypt:3)
  A water elemental (Zig:7)
  A fire bat (Zig:1)
  3 wyverns
  11 humans
  5 wraiths
  7 golden eyes
  A steam dragon (D:12)
  3 basilisks
  17 yaks
  3 neqoxecs
  2 wargs
  5 hogs
  A swamp worm (D:13)
  A soldier ant (D:13)
  Duvessa (D:5)
  An acid dragon (Vaults:1)
  23 nagas
  9 water moccasins
  3 porcupines
  A water moccasin (shapeshifter) (Vaults:5)
  27 orc warriors
  A sky beast (D:10)
  2 ice beasts
  A black bear (Lair:3)
  4 eyes of draining
  A phantom (D:8)
  A snapping turtle zombie (Crypt:3)
  A boggart (Vaults:1)
  10 ogres
  3 centaurs
  2 necrophages
  4 crocodiles
  6 big kobolds
  9 bullfrogs
  A gnoll sergeant (D:6)
  A wyvern zombie (D:7)
  An earth elemental (Zig:7)
  3 wyvern skeletons (Crypt:3)
  A scorpion (D:12)
  A troll zombie (Crypt:3)
  A spriggan zombie (Crypt:3)
  5 wights (Crypt:1)
  An electric eel (Lair:3)
  3 crimson imps
  A bullfrog zombie (D:12)
  A centaur zombie (D:6)
  4 jellies
  5 starcursed masses (Abyss:3)
  3 hounds
  16 orc wizards
  A human zombie (Crypt:1)
  3 bullfrog skeletons
  24 orc priests
  A centaur skeleton (D:6)
  2 human skeletons (Crypt:1)
  Natasha (D:3)
  2 iguanas
  5 worker ants
  A lightning spire (Zig:4)
  A sky beast zombie (Crypt:1)
  A tengu skeleton (Crypt:3)
  18 mummies
  A hound skeleton (D:11)
  A worker ant zombie (D:11)
  4 adders
  2 shadow imps
  An ooze (Lair:6)
  An ufetubus (Vaults:2)
  An adder zombie (D:5)
  An adder skeleton (D:4)
  A worm (D:2)
  3 dart slugs
  A leopard gecko (D:4)
  68 orcs
  5 giant cockroaches
  A goblin (D:2)
  3 hobgoblins
  7 jackals
  2 quokkas
  A ball python (D:6)
  2 bats
  7 frilled lizards
  19 kobolds
  A leopard gecko skeleton (D:4)
  A leopard gecko zombie (D:5)
  An orc skeleton (Crypt:3)
  A quokka skeleton (D:6)
  4 rats
  3 crawling corpses (Vaults:5)
  5 plants
  4 tentacles
  A withered plant (Crypt:3)
1059 creatures vanquished.

Vanquished Creatures (collateral kills)
  Mara (Shoals:4)
  2 tentacled monstrosities (Vaults:5)
  A quicksilver dragon (Vaults:5)
  An acid blob (Slime:5)
  A tengu reaver (Vaults:5)
  A nagaraja (Snake:4)
  A frost giant (Vaults:5)
  A vault warden (Vaults:5)
  Aizul (Shoals:2)
  A bennu (Tomb:3)
  4 merfolk impalers
  3 merfolk javelineers (Shoals:4)
  2 yaktaur captains (Vaults:5)
  A hydra (Lair:6)
  Fannar (Lair:3)
  4 naga warriors (Snake:4)
  An alligator snapping turtle (Shoals:3)
  A catoblepas (Shoals:2)
  2 centaur warriors
  Erica (D:8)
  A death knight (D:13)
  An anaconda (Snake:4)
  A merfolk aquamancer (Shoals:4)
  A two-headed ogre (Orc:2)
  A death yak (Shoals:2)
  A deep troll earth mage (Vaults:1)
  Urug (D:12)
  An orc high priest (Orc:2)
  4 naga sharpshooters (Snake:4)
  4 skeletal warriors (D:13)
  A hell knight (Vaults:5)
  4 sea snakes
  A glowing orange brain (Slime:3)
  An ironbrand convoker (Vaults:1)
  A wizard (D:12)
  A deep elf archer (Vaults:5)
  Pikel (D:5)
  3 harpies (Shoals:3)
  3 orc knights
  A necromancer (Vaults:5)
  A mana viper (Snake:4)
  An oklob plant (Shoals:3)
  6 manticores
  2 fauns
  An orc sorcerer (Orc:2)
  An ugly thing (Vaults:2)
  A shining eye (Slime:1)
  3 deep elf magi
  2 salamanders
  A cyclops (Vaults:1)
  4 merfolk sirens
  9 slime creatures
  6 black mambas
  Maurice (D:8)
  A naga mage (Snake:4)
  A gargoyle (D:12)
  A water nymph (Shoals:2)
  2 spiny frogs
  An eye of devastation (Slime:2)
  A centaur skeleton (D:13)
  A rime drake (Lair:2)
  A komodo dragon (Lair:5)
  5 yaktaurs
  A rime drake (shapeshifter) (D:13)
  A guardian mummy (Tomb:3)
  10 merfolk
  2 trolls
  2 blink frogs (Lair:3)
  2 snapping turtles
  2 dream sheep (Shoals:2)
  2 hippogriffs
  A wraith (D:13)
  12 yaks
  9 humans (D:14)
  5 basilisks
  4 hogs
  5 water moccasins
  An acid dragon (shapeshifter) (Vaults:5)
  14 nagas
  11 orc warriors
  A necrophage (D:7)
  A centaur (Shoals:2)
  4 ogres
  2 big kobolds
  A crocodile (Lair:5)
  A bullfrog (D:10)
  Dowan (D:5)
  A scorpion (D:7)
  A crimson imp (D:12)
  A quasit (D:6)
  6 orc priests
  2 orc wizards
  A worker ant (D:6)
  5 gnolls (D:6)
  3 adders (Lair:2)
  A shadow imp (D:6)
  18 orcs
  2 ball pythons (Lair:2)
  6 kobolds
  A giant cockroach zombie (D:5)
  A crawling corpse (Vaults:5)
  2 tentacles (Shoals:1)
263 creatures vanquished.

Vanquished Creatures (others)
  A deep elf elementalist (Vaults:5)
  A deep elf death mage (Vaults:5)
  A vault guard (Vaults:5)
  A yaktaur captain (Vaults:1)
  A deep elf knight (D:12)
  A deep elf archer (Vaults:4)
  A starcursed mass (Abyss:3)
  A merfolk siren (Shoals:1)
  8 yaktaurs
  A slime creature (Slime:4)
  4 flying skulls (Tomb:2)
  A centaur (Vaults:2)
  A kobold (D:13)
  3 fungi
  A lurking horror (Abyss:3)
  21 plants
  2 starspawn tentacles (Abyss:3)
  16 tentacles
  7 withered plants (Crypt:3)
73 creatures vanquished.

Grand Total: 1395 creatures vanquished

Notes
Turn   | Place    | Note
-------+----------+-------------------------------------------
     0 | D:1      | tidbits the Gnoll Ice Elementalist began the quest for the Orb.
     0 | D:1      | Reached XP level 1. HP: 13/13 MP: 6/6
   151 | D:2      | Reached skill level 2 in Conjurations
   245 | D:2      | Reached XP level 2. HP: 19/19 MP: 5/7
   326 | D:1      | Learned a level 2 spell: Throw Frost
   432 | D:2      | Reached skill level 5 in Spellcasting
   432 | D:2      | Reached XP level 3. HP: 25/25 MP: 6/9
   437 | D:2      | Learned a level 3 spell: Ozocubu's Armour
   498 | D:4      | Reached skill level 1 in Fighting
   498 | D:4      | Reached skill level 1 in Short Blades
   498 | D:4      | Reached skill level 1 in Long Blades
   498 | D:4      | Reached skill level 1 in Axes
   498 | D:4      | Reached skill level 1 in Maces & Flails
   498 | D:4      | Reached skill level 1 in Polearms
   498 | D:4      | Reached skill level 1 in Staves
   498 | D:4      | Reached skill level 1 in Slings
   498 | D:4      | Reached skill level 1 in Bows
   498 | D:4      | Reached skill level 1 in Crossbows
   498 | D:4      | Reached skill level 1 in Throwing
   498 | D:4      | Reached skill level 1 in Armour
   498 | D:4      | Reached skill level 1 in Shields
   498 | D:4      | Reached skill level 1 in Unarmed Combat
   498 | D:4      | Reached skill level 1 in Invocations
   498 | D:4      | Reached skill level 1 in Evocations
   498 | D:4      | Reached XP level 4. HP: 32/32 MP: 8/11
   550 | D:3      | Reached skill level 1 in Hexes
   550 | D:3      | Reached skill level 1 in Charms
   550 | D:3      | Reached skill level 1 in Summonings
   550 | D:3      | Reached skill level 1 in Necromancy
   550 | D:3      | Reached skill level 1 in Translocations
   550 | D:3      | Reached skill level 1 in Transmutations
   550 | D:3      | Reached skill level 1 in Fire Magic
   550 | D:3      | Reached skill level 1 in Air Magic
   550 | D:3      | Reached skill level 1 in Earth Magic
   550 | D:3      | Reached skill level 1 in Poison Magic
   633 | D:4      | Reached XP level 5. HP: 34/37 MP: 2/12
   726 | D:5      | Entered Level 5 of the Dungeon
   746 | D:4      | Found a snail-covered altar of Cheibriados.
   755 | D:4      | Became a worshipper of Cheibriados the Contemplative
   781 | D:3      | Noticed Natasha
   784 | D:3      | Killed Natasha
   883 | D:5      | Reached XP level 6. HP: 29/44 MP: 9/13
   952 | D:5      | Reached skill level 2 in Invocations
   956 | D:5      | Gained mutation: You are frail. (-10% HP) [potion of mutation]
   956 | D:5      | Gained mutation: Your magical capacity is low. (-10% MP) [potion of mutation]
   956 | D:5      | Gained mutation: Your mind is acute. (Int +2) [potion of mutation]
   957 | D:5      | Lost mutation: You are frail. (-10% HP) [potion of mutation]
   957 | D:5      | Lost mutation: Your magical capacity is low. (-10% MP) [potion of mutation]
   957 | D:5      | Lost mutation: Your mind is acute. (Int +2) [potion of mutation]
   957 | D:5      | Gained mutation: You are resistant to hostile enchantments. (MR+) [potion of mutation]
   957 | D:5      | Gained mutation: Your flesh is cold resistant. (rC+) [potion of mutation]
   999 | D:5      | Reached skill level 2 in Fighting
   999 | D:5      | Reached skill level 2 in Short Blades
   999 | D:5      | Reached skill level 2 in Long Blades
   999 | D:5      | Reached skill level 2 in Axes
   999 | D:5      | Reached skill level 2 in Maces & Flails
   999 | D:5      | Reached skill level 2 in Polearms
   999 | D:5      | Reached skill level 2 in Staves
   999 | D:5      | Reached skill level 2 in Slings
   999 | D:5      | Reached skill level 2 in Bows
   999 | D:5      | Reached skill level 2 in Crossbows
   999 | D:5      | Reached skill level 2 in Throwing
   999 | D:5      | Reached skill level 2 in Armour
   999 | D:5      | Reached skill level 5 in Dodging
   999 | D:5      | Reached skill level 2 in Shields
   999 | D:5      | Reached skill level 2 in Unarmed Combat
   999 | D:5      | Reached skill level 2 in Evocations
  1013 | D:5      | Noticed an ice beast
  1033 | D:5      | Killed an ice beast
  1033 | D:5      | Reached XP level 7. HP: 30/50 MP: 8/15
  1041 | D:5      | Noticed Dowan
  1042 | D:5      | Noticed Duvessa
  1050 | D:5      | Learned a level 4 spell: Summon Ice Beast
  1062 | D:5      | Killed Duvessa
  1071 | D:5      | Killed Dowan
  1071 | D:5      | Reached * piety under Cheibriados
  1096 | D:5      | Noticed Pikel
  1121 | D:5      | Killed Pikel
  1121 | D:5      | Reached skill level 5 in Stealth
  1121 | D:5      | Reached skill level 3 in Conjurations
  1121 | D:5      | Reached skill level 2 in Hexes
  1121 | D:5      | Reached skill level 2 in Charms
  1121 | D:5      | Reached skill level 2 in Summonings
  1121 | D:5      | Reached skill level 2 in Necromancy
  1121 | D:5      | Reached skill level 2 in Translocations
  1121 | D:5      | Reached skill level 2 in Transmutations
  1121 | D:5      | Reached skill level 2 in Fire Magic
  1121 | D:5      | Reached skill level 2 in Air Magic
  1121 | D:5      | Reached skill level 2 in Earth Magic
  1121 | D:5      | Reached skill level 2 in Poison Magic
  1121 | D:5      | Reached skill level 3 in Invocations
  1121 | D:5      | Reached XP level 8. HP: 38/57 MP: 5/16
  1142 | D:5      | Got a scintillating ivory ring
  1143 | D:5      | Identified the ring "Nekh" {Wiz *Corrode Str+6 SInv} (You found it on level 5 of the Dungeon)
  1177 | D:5      | Reached skill level 6 in Ice Magic
  1235 | D:6      | Reached skill level 3 in Fighting
  1235 | D:6      | Reached skill level 3 in Short Blades
  1235 | D:6      | Reached skill level 3 in Long Blades
  1235 | D:6      | Reached skill level 3 in Axes
  1235 | D:6      | Reached skill level 3 in Maces & Flails
  1235 | D:6      | Reached skill level 3 in Polearms
  1235 | D:6      | Reached skill level 3 in Staves
  1235 | D:6      | Reached skill level 3 in Slings
  1235 | D:6      | Reached skill level 3 in Bows
  1235 | D:6      | Reached skill level 3 in Crossbows
  1235 | D:6      | Reached skill level 3 in Throwing
  1235 | D:6      | Reached skill level 3 in Armour
  1235 | D:6      | Reached skill level 3 in Shields
  1235 | D:6      | Reached skill level 3 in Unarmed Combat
  1235 | D:6      | Reached skill level 3 in Evocations
  1352 | D:6      | Reached skill level 6 in Spellcasting
  1358 | D:6      | Reached ** piety under Cheibriados
  1572 | D:7      | Reached skill level 4 in Invocations
  1605 | D:7      | Reached skill level 3 in Hexes
  1605 | D:7      | Reached skill level 3 in Charms
  1605 | D:7      | Reached skill level 3 in Summonings
  1605 | D:7      | Reached skill level 3 in Necromancy
  1605 | D:7      | Reached skill level 3 in Translocations
  1605 | D:7      | Reached skill level 3 in Transmutations
  1605 | D:7      | Reached skill level 3 in Fire Magic
  1605 | D:7      | Reached skill level 3 in Air Magic
  1605 | D:7      | Reached skill level 3 in Earth Magic
  1605 | D:7      | Reached skill level 3 in Poison Magic
  1609 | D:7      | Found Deotuedo's Distillery.
  1617 | D:7      | Reached skill level 6 in Dodging
  1617 | D:7      | Reached XP level 9. HP: 62/64 MP: 11/18
  1630 | D:7      | Bought a potion of heal wounds for 60 gold pieces
  1630 | D:7      | Bought a potion of might for 48 gold pieces
  1630 | D:7      | Bought a potion of heal wounds for 60 gold pieces
  1630 | D:7      | Bought a potion of heal wounds for 60 gold pieces
  1630 | D:7      | Bought a potion of heal wounds for 60 gold pieces
  1660 | D:7      | Reached *** piety under Cheibriados
  1665 | D:7      | Reached skill level 4 in Fighting
  1665 | D:7      | Reached skill level 4 in Short Blades
  1665 | D:7      | Reached skill level 4 in Long Blades
  1665 | D:7      | Reached skill level 4 in Axes
  1665 | D:7      | Reached skill level 4 in Maces & Flails
  1665 | D:7      | Reached skill level 4 in Polearms
  1665 | D:7      | Reached skill level 4 in Staves
  1665 | D:7      | Reached skill level 4 in Slings
  1665 | D:7      | Reached skill level 4 in Bows
  1665 | D:7      | Reached skill level 4 in Crossbows
  1665 | D:7      | Reached skill level 4 in Throwing
  1665 | D:7      | Reached skill level 4 in Armour
  1665 | D:7      | Reached skill level 4 in Shields
  1665 | D:7      | Reached skill level 4 in Unarmed Combat
  1665 | D:7      | Reached skill level 4 in Conjurations
  1665 | D:7      | Reached skill level 4 in Evocations
  1697 | D:8      | Noticed Maurice
  1702 | D:8      | Reached skill level 6 in Stealth
  1724 | D:8      | Killed Maurice
  1783 | D:8      | Found Xyxizimupp's Gadget Shoppe.
  1829 | D:8      | Noticed Erica
  1841 | D:8      | Killed Erica
  1841 | D:8      | Reached skill level 5 in Invocations
  1841 | D:8      | Reached XP level 10. HP: 57/72 MP: 9/20
  1958 | D:9      | Found a huge runed gate.
  1959 | D:9      | Found a huge runed gate.
  1960 | D:9      | Found a huge runed gate.
  1960 | D:9      | Noticed a death yak
  1960 | D:9      | Noticed a death yak
  1961 | D:9      | Noticed a manticore
  1961 | D:9      | Found a huge runed gate.
  2090 | D:10     | Entered Level 10 of the Dungeon
  2095 | D:10     | Reached skill level 7 in Spellcasting
  2097 | D:10     | Reached **** piety under Cheibriados
  2098 | D:10     | Noticed a two-headed ogre
  2113 | D:10     | Killed a two-headed ogre
  2113 | D:10     | Reached skill level 5 in Fighting
  2113 | D:10     | Reached skill level 5 in Short Blades
  2113 | D:10     | Reached skill level 5 in Long Blades
  2113 | D:10     | Reached skill level 5 in Axes
  2113 | D:10     | Reached skill level 5 in Maces & Flails
  2113 | D:10     | Reached skill level 5 in Polearms
  2113 | D:10     | Reached skill level 5 in Staves
  2113 | D:10     | Reached skill level 5 in Slings
  2113 | D:10     | Reached skill level 5 in Bows
  2113 | D:10     | Reached skill level 5 in Crossbows
  2113 | D:10     | Reached skill level 5 in Throwing
  2113 | D:10     | Reached skill level 5 in Armour
  2113 | D:10     | Reached skill level 5 in Shields
  2113 | D:10     | Reached skill level 5 in Unarmed Combat
  2113 | D:10     | Reached skill level 4 in Hexes
  2113 | D:10     | Reached skill level 4 in Charms
  2113 | D:10     | Reached skill level 4 in Summonings
  2113 | D:10     | Reached skill level 4 in Necromancy
  2113 | D:10     | Reached skill level 4 in Translocations
  2113 | D:10     | Reached skill level 4 in Transmutations
  2113 | D:10     | Reached skill level 4 in Fire Magic
  2113 | D:10     | Reached skill level 4 in Air Magic
  2113 | D:10     | Reached skill level 4 in Earth Magic
  2113 | D:10     | Reached skill level 4 in Poison Magic
  2113 | D:10     | Reached skill level 5 in Evocations
  2155 | D:10     | Noticed a gargoyle
  2215 | D:10     | Reached skill level 7 in Ice Magic
  2335 | D:11     | Found a staircase to the Orcish Mines.
  2352 | D:13     | Noticed a skeletal warrior
  2352 | D:13     | Noticed a skeletal warrior
  2371 | D:12     | Noticed a wizard
  2371 | D:12     | Noticed an orc knight
  2386 | D:12     | Learned a level 3 spell: Confuse
  2387 | D:12     | Noticed a deep elf knight
  2447 | Orc:1    | Entered Level 1 of the Orcish Mines
  2472 | Orc:1    | Noticed an ettin
  2480 | Orc:1    | Killed an ettin
  2480 | Orc:1    | Reached skill level 7 in Dodging
  2480 | Orc:1    | Reached skill level 5 in Conjurations
  2488 | Orc:1    | Found Pishu's Distillery.
  2503 | Orc:1    | Bought a potion of agility for 48 gold pieces
  2503 | Orc:1    | Bought a potion of curing for 36 gold pieces
  2503 | Orc:1    | Bought a potion of magic for 96 gold pieces
  2503 | Orc:1    | Bought a potion of brilliance for 48 gold pieces
  2503 | Orc:1    | Bought a potion of curing for 36 gold pieces
  2516 | Orc:1    | Noticed an orc knight
  2546 | Orc:1    | Killed an orc knight
  2546 | Orc:1    | Reached skill level 7 in Stealth
  2546 | Orc:1    | Reached skill level 6 in Invocations
  2575 | Orc:2    | Entered Level 2 of the Orcish Mines
  2593 | Orc:2    | Reached ***** piety under Cheibriados
  2611 | Orc:2    | Noticed a two-headed ogre
  2617 | Orc:2    | Killed a two-headed ogre
  2622 | Orc:2    | Reached XP level 11. HP: 63/81 MP: 15/22
  2745 | Orc:2    | Noticed a two-headed ogre
  2749 | Orc:2    | Killed a two-headed ogre
  2757 | Orc:2    | Reached skill level 6 in Fighting
  2757 | Orc:2    | Reached skill level 6 in Short Blades
  2757 | Orc:2    | Reached skill level 6 in Long Blades
  2757 | Orc:2    | Reached skill level 6 in Axes
  2757 | Orc:2    | Reached skill level 6 in Maces & Flails
  2757 | Orc:2    | Reached skill level 6 in Polearms
  2757 | Orc:2    | Reached skill level 6 in Staves
  2757 | Orc:2    | Reached skill level 6 in Slings
  2757 | Orc:2    | Reached skill level 6 in Bows
  2757 | Orc:2    | Reached skill level 6 in Crossbows
  2757 | Orc:2    | Reached skill level 6 in Throwing
  2757 | Orc:2    | Reached skill level 6 in Armour
  2757 | Orc:2    | Reached skill level 6 in Shields
  2757 | Orc:2    | Reached skill level 6 in Unarmed Combat
  2757 | Orc:2    | Reached skill level 6 in Evocations
  2778 | Orc:2    | Noticed a two-headed ogre
  2788 | Orc:2    | Killed a two-headed ogre
  2788 | Orc:2    | Reached skill level 5 in Hexes
  2788 | Orc:2    | Reached skill level 5 in Charms
  2788 | Orc:2    | Reached skill level 5 in Summonings
  2788 | Orc:2    | Reached skill level 5 in Necromancy
  2788 | Orc:2    | Reached skill level 5 in Translocations
  2788 | Orc:2    | Reached skill level 5 in Transmutations
  2788 | Orc:2    | Reached skill level 5 in Fire Magic
  2788 | Orc:2    | Reached skill level 5 in Air Magic
  2788 | Orc:2    | Reached skill level 5 in Earth Magic
  2788 | Orc:2    | Reached skill level 5 in Poison Magic
  2851 | Orc:2    | Reached skill level 8 in Spellcasting
  2976 | Orc:2    | Noticed an orc knight
  2979 | Orc:2    | Killed an orc knight
  3053 | Orc:2    | Found a staircase to the Elven Halls.
  3155 | Orc:2    | Noticed an orc warlord
  3240 | Orc:2    | Noticed an orc high priest
  3260 | Orc:2    | Killed an orc warlord
  3260 | Orc:2    | Reached skill level 8 in Dodging
  3260 | Orc:2    | Reached skill level 7 in Invocations
  3264 | Orc:2    | Noticed a soul eater
  3327 | Orc:2    | Noticed an orc sorcerer
  3410 | Orc:1    | Found a roughly hewn altar of Beogh.
  3454 | Orc:2    | Killed an orc sorcerer
  3470 | Orc:2    | Found a roughly hewn altar of Beogh.
  3504 | Orc:2    | Noticed an orc knight
  3504 | Orc:2    | Noticed an orc sorcerer
  3504 | Orc:2    | Noticed a two-headed ogre
  3506 | Orc:2    | Killed an orc sorcerer
  3506 | Orc:2    | Reached skill level 8 in Stealth
  3506 | Orc:2    | Reached skill level 6 in Conjurations
  3512 | Orc:2    | Killed a two-headed ogre
  3512 | Orc:2    | Reached XP level 12. HP: 41/89 MP: 14/24
  3512 | Orc:2    | Reached skill level 8 in Ice Magic
  3576 | Orc:2    | Found Ynuawn's Assorted Antiques.
  3589 | Orc:2    | Bought a jewelled glass wand for 124 gold pieces
  3589 | Orc:2    | Bought a blackened copper wand for 124 gold pieces
  3596 | Orc:2    | Found Yriron's Gadget Shop.
  3702 | Orc:2    | Noticed an orc high priest
  3706 | Orc:2    | Reached skill level 7 in Fighting
  3706 | Orc:2    | Reached skill level 7 in Short Blades
  3706 | Orc:2    | Reached skill level 7 in Long Blades
  3706 | Orc:2    | Reached skill level 7 in Axes
  3706 | Orc:2    | Reached skill level 7 in Maces & Flails
  3706 | Orc:2    | Reached skill level 7 in Polearms
  3706 | Orc:2    | Reached skill level 7 in Staves
  3706 | Orc:2    | Reached skill level 7 in Slings
  3706 | Orc:2    | Reached skill level 7 in Bows
  3706 | Orc:2    | Reached skill level 7 in Crossbows
  3706 | Orc:2    | Reached skill level 7 in Throwing
  3706 | Orc:2    | Reached skill level 7 in Armour
  3706 | Orc:2    | Reached skill level 7 in Shields
  3706 | Orc:2    | Reached skill level 7 in Unarmed Combat
  3706 | Orc:2    | Reached skill level 7 in Evocations
  3714 | Orc:2    | Noticed a soul eater
  3716 | Orc:2    | Killed an orc high priest
  3772 | Orc:2    | Killed an orc high priest
  3781 | Orc:2    | Found Jeidaipe's Armour Shop.
  3811 | Orc:2    | Found a roughly hewn altar of Beogh.
  3827 | Orc:2    | Noticed an orc high priest
  3834 | Orc:2    | Found Bueqad's Distillery.
  3837 | Orc:2    | Killed an orc high priest
  3865 | Orc:2    | Bought a potion of might for 40 gold pieces
  3865 | Orc:2    | Bought a potion of invisibility for 80 gold pieces
  3865 | Orc:2    | Bought a potion of ambrosia for 80 gold pieces
  3865 | Orc:2    | Bought a potion of invisibility for 80 gold pieces
  3934 | D:11     | Noticed buskinjo's ghost (journeyman OgAM)
  3945 | D:11     | Killed buskinjo's ghost
  3945 | D:11     | Reached skill level 6 in Hexes
  3945 | D:11     | Reached skill level 6 in Charms
  3945 | D:11     | Reached skill level 6 in Summonings
  3945 | D:11     | Reached skill level 6 in Necromancy
  3945 | D:11     | Reached skill level 6 in Translocations
  3945 | D:11     | Reached skill level 6 in Transmutations
  3945 | D:11     | Reached skill level 6 in Fire Magic
  3945 | D:11     | Reached skill level 6 in Air Magic
  3945 | D:11     | Reached skill level 6 in Earth Magic
  3945 | D:11     | Reached skill level 6 in Poison Magic
  3958 | D:11     | Reached skill level 8 in Invocations
  3996 | D:12     | Reached skill level 9 in Spellcasting
  4073 | D:13     | Got a polished glaive
  4074 | D:13     | Identified the cursed +0 glaive of Heorchaah {flame, MR- Dex+5} (You found it on level 13 of the Dungeon)
  4090 | D:13     | Noticed a death knight
  4102 | D:13     | Killed a death knight
  4141 | D:13     | Reached skill level 9 in Dodging
  4143 | D:13     | Reached XP level 13. HP: 37/98 MP: 16/26
  4191 | D:13     | Reached skill level 9 in Stealth
  4277 | D:13     | Noticed Sharkov's ghost (journeyman HaAs)
  4280 | D:13     | Reached skill level 7 in Conjurations
  4289 | D:13     | Killed Sharkov's ghost
  4303 | D:13     | Reached skill level 8 in Fighting
  4303 | D:13     | Reached skill level 8 in Short Blades
  4303 | D:13     | Reached skill level 8 in Long Blades
  4303 | D:13     | Reached skill level 8 in Axes
  4303 | D:13     | Reached skill level 8 in Maces & Flails
  4303 | D:13     | Reached skill level 8 in Polearms
  4303 | D:13     | Reached skill level 8 in Staves
  4303 | D:13     | Reached skill level 8 in Slings
  4303 | D:13     | Reached skill level 8 in Bows
  4303 | D:13     | Reached skill level 8 in Crossbows
  4303 | D:13     | Reached skill level 8 in Throwing
  4303 | D:13     | Reached skill level 8 in Armour
  4303 | D:13     | Reached skill level 8 in Shields
  4303 | D:13     | Reached skill level 8 in Unarmed Combat
  4303 | D:13     | Reached skill level 8 in Evocations
  4315 | D:13     | Noticed a storm dragon
  4341 | D:13     | Killed a storm dragon
  4395 | D:13     | Learned a level 4 spell: Summon Lightning Spire
  4425 | D:13     | Reached skill level 9 in Invocations
  4552 | D:12     | Noticed Urug
  4586 | D:12     | Killed Urug
  4694 | D:12     | Noticed Psyche
  4703 | D:12     | Killed Psyche
  4703 | D:12     | Reached skill level 7 in Hexes
  4703 | D:12     | Reached skill level 7 in Charms
  4703 | D:12     | Reached skill level 7 in Summonings
  4703 | D:12     | Reached skill level 7 in Necromancy
  4703 | D:12     | Reached skill level 7 in Translocations
  4703 | D:12     | Reached skill level 7 in Transmutations
  4703 | D:12     | Reached skill level 7 in Fire Magic
  4703 | D:12     | Reached skill level 9 in Ice Magic
  4703 | D:12     | Reached skill level 7 in Air Magic
  4703 | D:12     | Reached skill level 7 in Earth Magic
  4703 | D:12     | Reached skill level 7 in Poison Magic
  4803 | D:11     | Found a staircase to the Lair.
  4840 | Lair:1   | Entered Level 1 of the Lair of Beasts
  4893 | Lair:1   | Identified a scroll of acquirement
  5119 | Lair:2   | Reached skill level 10 in Spellcasting
  5187 | Lair:3   | Reached XP level 14. HP: 106/106 MP: 28/28
  5280 | Lair:6   | Entered Level 6 of the Lair of Beasts
  5365 | Lair:5   | Reached skill level 9 in Armour
  5422 | Lair:5   | Reached skill level 10 in Dodging
  5665 | Lair:2   | Found a staircase to the Snake Pit.
  5783 | Lair:3   | Noticed Fannar
  5796 | Lair:3   | Reached skill level 9 in Fighting
  5796 | Lair:3   | Reached skill level 9 in Short Blades
  5796 | Lair:3   | Reached skill level 9 in Long Blades
  5796 | Lair:3   | Reached skill level 9 in Axes
  5796 | Lair:3   | Reached skill level 9 in Maces & Flails
  5796 | Lair:3   | Reached skill level 9 in Polearms
  5796 | Lair:3   | Reached skill level 9 in Staves
  5796 | Lair:3   | Reached skill level 9 in Slings
  5796 | Lair:3   | Reached skill level 9 in Bows
  5796 | Lair:3   | Reached skill level 9 in Crossbows
  5796 | Lair:3   | Reached skill level 9 in Throwing
  5796 | Lair:3   | Reached skill level 9 in Shields
  5796 | Lair:3   | Reached skill level 9 in Unarmed Combat
  5796 | Lair:3   | Reached skill level 9 in Evocations
  5796 | Lair:3   | Killed Fannar
  5796 | Lair:3   | Reached ****** piety under Cheibriados
  5834 | Lair:3   | Learned a level 6 spell: Statue Form
  5906 | Lair:2   | Found a staircase to the Shoals.
  5914 | Shoals:1 | Entered Level 1 of the Shoals
  5923 | Shoals:1 | Noticed a kraken
  5933 | Shoals:1 | Killed a kraken
  5933 | Shoals:1 | Reached skill level 10 in Stealth
  6012 | Shoals:2 | Noticed Polyphemus
  6020 | Shoals:2 | Reached skill level 8 in Conjurations
  6027 | Shoals:2 | Reached skill level 10 in Invocations
  6050 | Shoals:2 | Noticed Aizul
  6058 | Shoals:2 | Killed Aizul
  6067 | Shoals:2 | Killed Polyphemus
  6081 | Shoals:2 | Noticed Kirke
  6088 | Shoals:2 | Killed Kirke
  6088 | Shoals:2 | Reached skill level 10 in Armour
  6245 | Shoals:2 | Noticed a kraken
  6274 | Shoals:2 | Killed a kraken
  6274 | Shoals:2 | Reached skill level 8 in Hexes
  6274 | Shoals:2 | Reached skill level 8 in Charms
  6274 | Shoals:2 | Reached skill level 8 in Summonings
  6274 | Shoals:2 | Reached skill level 8 in Necromancy
  6274 | Shoals:2 | Reached skill level 8 in Translocations
  6274 | Shoals:2 | Reached skill level 8 in Transmutations
  6274 | Shoals:2 | Reached skill level 8 in Fire Magic
  6274 | Shoals:2 | Reached skill level 8 in Air Magic
  6274 | Shoals:2 | Reached skill level 8 in Earth Magic
  6274 | Shoals:2 | Reached skill level 8 in Poison Magic
  6274 | Shoals:2 | Reached XP level 15. HP: 114/114 MP: 21/29
  6551 | Shoals:4 | Entered Level 4 of the Shoals
  6612 | Shoals:3 | Reached skill level 11 in Spellcasting
  6616 | Shoals:3 | Reached skill level 10 in Ice Magic
  6694 | Shoals:4 | Reached skill level 11 in Armour
  6740 | Shoals:4 | Reached skill level 10 in Fighting
  6740 | Shoals:4 | Reached skill level 10 in Short Blades
  6740 | Shoals:4 | Reached skill level 10 in Long Blades
  6740 | Shoals:4 | Reached skill level 10 in Axes
  6740 | Shoals:4 | Reached skill level 10 in Maces & Flails
  6740 | Shoals:4 | Reached skill level 10 in Polearms
  6740 | Shoals:4 | Reached skill level 10 in Staves
  6740 | Shoals:4 | Reached skill level 10 in Slings
  6740 | Shoals:4 | Reached skill level 10 in Bows
  6740 | Shoals:4 | Reached skill level 10 in Crossbows
  6740 | Shoals:4 | Reached skill level 10 in Throwing
  6740 | Shoals:4 | Reached skill level 10 in Shields
  6740 | Shoals:4 | Reached skill level 10 in Unarmed Combat
  6740 | Shoals:4 | Reached skill level 10 in Evocations
  6816 | Shoals:4 | Noticed a frost giant
  6834 | Shoals:4 | Reached skill level 11 in Dodging
  6839 | Shoals:4 | Killed a frost giant
  6864 | Shoals:4 | Got a barnacled rune of Zot
  6898 | Shoals:4 | Got a clouded bronze ring
  6900 | Shoals:4 | Identified the cursed ring of Lourokko {+Fly rPois rF+ Int-6} (You found it on level 4 of the Shoals)
  6928 | Shoals:4 | Reached skill level 11 in Invocations
  6933 | Shoals:4 | Noticed Ilsuiw
  6940 | Shoals:4 | Killed Ilsuiw
  6941 | Shoals:4 | Reached skill level 11 in Stealth
  6988 | Shoals:4 | Got a smoking scimitar {flame}
  6989 | Shoals:4 | Identified the +5 scimitar of Vanef {flame, rF+ Str+5} (You took it off a merfolk on level 4 of the Shoals)
  7016 | Shoals:4 | Reached skill level 9 in Conjurations
  7026 | Shoals:4 | Noticed Mara
  7033 | Shoals:4 | Noticed tidbits's illusion
  7034 | Shoals:4 | Killed Mara
  7034 | Shoals:4 | Reached XP level 16. HP: 123/123 MP: 22/31
  7348 | Snake:1  | Entered Level 1 of the Snake Pit
  7425 | Snake:2  | Noticed Asterion
  7434 | Snake:2  | Killed Asterion
  7434 | Snake:2  | Reached skill level 12 in Armour
  7550 | Snake:4  | Entered Level 4 of the Snake Pit
  7556 | Snake:4  | Reached skill level 9 in Hexes
  7556 | Snake:4  | Reached skill level 9 in Charms
  7556 | Snake:4  | Reached skill level 9 in Summonings
  7556 | Snake:4  | Reached skill level 9 in Necromancy
  7556 | Snake:4  | Reached skill level 9 in Translocations
  7556 | Snake:4  | Reached skill level 9 in Transmutations
  7556 | Snake:4  | Reached skill level 9 in Fire Magic
  7556 | Snake:4  | Reached skill level 9 in Air Magic
  7556 | Snake:4  | Reached skill level 9 in Earth Magic
  7556 | Snake:4  | Reached skill level 9 in Poison Magic
  7625 | Snake:4  | Noticed a nagaraja
  7633 | Snake:4  | Killed a nagaraja
  7714 | Snake:4  | Noticed a nagaraja
  7720 | Snake:4  | Killed a nagaraja
  7728 | Snake:4  | Noticed a nagaraja
  7730 | Snake:4  | Killed a nagaraja
  7775 | Snake:4  | Noticed a nagaraja
  7779 | Snake:4  | Noticed a nagaraja
  7783 | Snake:4  | Killed a nagaraja
  7787 | Snake:4  | Noticed a nagaraja
  7787 | Snake:4  | Killed a nagaraja
  7801 | Snake:4  | Killed a nagaraja
  7902 | Snake:4  | Reached skill level 11 in Fighting
  7902 | Snake:4  | Reached skill level 11 in Short Blades
  7902 | Snake:4  | Reached skill level 11 in Long Blades
  7902 | Snake:4  | Reached skill level 11 in Axes
  7902 | Snake:4  | Reached skill level 11 in Maces & Flails
  7902 | Snake:4  | Reached skill level 11 in Polearms
  7902 | Snake:4  | Reached skill level 11 in Staves
  7902 | Snake:4  | Reached skill level 11 in Slings
  7902 | Snake:4  | Reached skill level 11 in Bows
  7902 | Snake:4  | Reached skill level 11 in Crossbows
  7902 | Snake:4  | Reached skill level 11 in Throwing
  7902 | Snake:4  | Reached skill level 11 in Shields
  7902 | Snake:4  | Reached skill level 11 in Unarmed Combat
  7902 | Snake:4  | Reached skill level 11 in Evocations
  7922 | Snake:4  | Noticed a nagaraja
  7926 | Snake:4  | Killed a nagaraja
  7931 | Snake:4  | Reached skill level 12 in Spellcasting
  7966 | Snake:4  | Reached XP level 17. HP: 131/131 MP: 24/33
  7974 | Snake:4  | Got a serpentine rune of Zot
  8117 | Snake:3  | Reached skill level 12 in Invocations
  8250 | Lair:6   | Found a staircase to the Slime Pits.
  8279 | Lair:6   | Got a heavily runed turquoise ring
  8281 | Lair:6   | Identified the ring "Meutu" {Int+3 SInv} (You acquired it on level 6 of the Lair of Beasts)
  8283 | Lair:6   | Got a warped pewter ring
  8285 | Lair:6   | Identified the ring "Caen Ydo" {+Fly MR+} (You acquired it on level 6 of the Lair of Beasts)
  8287 | Lair:6   | Got a warped brass ring
  8289 | Lair:6   | Identified the ring of the Burgomaster {Wiz *Corrode Int+3} (You acquired it on level 6 of the Lair of Beasts)
  8300 | Lair:6   | Learned a level 5 spell: Bolt of Magma
  8301 | Slime:1  | Entered Level 1 of the Pits of Slime
  8311 | Slime:1  | Reached skill level 13 in Armour
  8314 | Slime:1  | Noticed an acid blob
  8321 | Slime:1  | Killed an acid blob
  8321 | Slime:1  | Reached skill level 12 in Dodging
  8395 | Slime:1  | Noticed an acid blob
  8407 | Slime:1  | Killed an acid blob
  8453 | Slime:1  | Reached skill level 11 in Ice Magic
  8459 | Slime:1  | Reached skill level 12 in Stealth
  8562 | Slime:3  | Noticed an acid blob
  8565 | Slime:3  | Noticed an acid blob
  8581 | Slime:3  | Gained mutation: Your body sometimes deteriorates upon taking damage. [a shining eye]
  8587 | Slime:3  | Killed an acid blob
  8587 | Slime:3  | Reached skill level 10 in Conjurations
  8588 | Slime:3  | Killed an acid blob
  8698 | Slime:4  | Noticed an acid blob
  8756 | Slime:4  | Noticed an acid blob
  8766 | Slime:3  | Killed an acid blob
  8766 | Slime:3  | Killed an acid blob
  8921 | Slime:5  | Entered Level 5 of the Pits of Slime
  8924 | Slime:5  | Noticed an acid blob
  8934 | Slime:5  | Noticed an acid blob
  8942 | Slime:5  | Killed an acid blob
  9058 | Slime:5  | Found a viscous altar of Jiyva.
  9065 | Slime:5  | Noticed the Royal Jelly
  9065 | Slime:5  | Noticed an acid blob
  9066 | Slime:5  | Found the ring of Phasing {EV+8}
  9075 | Slime:5  | Noticed an acid blob
  9077 | Slime:5  | Killed an acid blob
  9077 | Slime:5  | Reached skill level 10 in Hexes
  9077 | Slime:5  | Reached skill level 10 in Charms
  9077 | Slime:5  | Reached skill level 10 in Summonings
  9077 | Slime:5  | Reached skill level 10 in Necromancy
  9077 | Slime:5  | Reached skill level 10 in Translocations
  9077 | Slime:5  | Reached skill level 10 in Transmutations
  9077 | Slime:5  | Reached skill level 10 in Fire Magic
  9077 | Slime:5  | Reached skill level 10 in Air Magic
  9077 | Slime:5  | Reached skill level 10 in Earth Magic
  9077 | Slime:5  | Reached skill level 10 in Poison Magic
  9078 | Slime:5  | Noticed an acid blob
  9078 | Slime:5  | Noticed an acid blob
  9080 | Slime:5  | Killed an acid blob
  9080 | Slime:5  | Killed the Royal Jelly
  9080 | Slime:5  | Reached skill level 14 in Armour
  9080 | Slime:5  | Reached XP level 18. HP: 128/140 MP: 28/34
  9128 | Slime:5  | Identified Sif Muna's Volume of the Glacier and Summoning
  9131 | Slime:5  | Got a fine bone amulet
  9167 | Slime:5  | Learned a level 5 spell: Borgnjor's Vile Clutch
  9173 | Slime:5  | Identified an amulet "Bitecy" {Reflect Int+2 Dex+5 SH+2} (You found it on level 5 of the Pits of Slime)
  9200 | Slime:5  | Got a slimy rune of Zot
  9205 | Slime:5  | Got a fine ivory ring
  9207 | Slime:5  | Identified the ring "Nihimof" {Fire Int+6} (You found it on level 5 of the Pits of Slime)
  9557 | D:13     | Reached skill level 12 in Fighting
  9557 | D:13     | Reached skill level 12 in Short Blades
  9557 | D:13     | Reached skill level 12 in Long Blades
  9557 | D:13     | Reached skill level 12 in Axes
  9557 | D:13     | Reached skill level 12 in Maces & Flails
  9557 | D:13     | Reached skill level 12 in Polearms
  9557 | D:13     | Reached skill level 12 in Staves
  9557 | D:13     | Reached skill level 12 in Slings
  9557 | D:13     | Reached skill level 12 in Bows
  9557 | D:13     | Reached skill level 12 in Crossbows
  9557 | D:13     | Reached skill level 12 in Throwing
  9557 | D:13     | Reached skill level 12 in Shields
  9557 | D:13     | Reached skill level 12 in Unarmed Combat
  9557 | D:13     | Reached skill level 12 in Evocations
  9709 | D:14     | Found a gate to the Vaults.
  9716 | D:14     | Reached skill level 13 in Invocations
  9734 | Vaults:1 | Entered Level 1 of the Vaults
  9991 | Vaults:1 | Reached skill level 13 in Spellcasting
 10340 | Vaults:3 | Reached skill level 13 in Dodging
 10362 | Vaults:3 | You fall through a shaft!
 10415 | Vaults:4 | Noticed a lich
 10428 | Vaults:4 | Reached XP level 19. HP: 143/147 MP: 28/36
 10441 | Vaults:4 | Reached skill level 13 in Stealth
 10625 | Vaults:5 | Entered Level 5 of the Vaults
 10625 | Vaults:5 | Noticed Jorgrun
 10625 | Vaults:5 | Noticed Frederick
 10644 | Vaults:4 | Killed Frederick
 10693 | Vaults:4 | Learned a level 6 spell: Death Channel
 10736 | Vaults:5 | Reached skill level 11 in Conjurations
 10739 | Vaults:5 | Reached skill level 12 in Ice Magic
 10741 | Vaults:5 | Killed Jorgrun
 10833 | Vaults:5 | Reached skill level 11 in Hexes
 10833 | Vaults:5 | Reached skill level 11 in Charms
 10833 | Vaults:5 | Reached skill level 11 in Summonings
 10833 | Vaults:5 | Reached skill level 11 in Necromancy
 10833 | Vaults:5 | Reached skill level 11 in Translocations
 10833 | Vaults:5 | Reached skill level 11 in Transmutations
 10833 | Vaults:5 | Reached skill level 11 in Fire Magic
 10833 | Vaults:5 | Reached skill level 11 in Air Magic
 10833 | Vaults:5 | Reached skill level 11 in Earth Magic
 10833 | Vaults:5 | Reached skill level 11 in Poison Magic
 10835 | Vaults:5 | Noticed Margery
 10848 | Vaults:5 | Reached skill level 15 in Armour
 10848 | Vaults:5 | Reached XP level 20. HP: 68/155 MP: 14/37
 10849 | Vaults:5 | Killed Margery
 10849 | Vaults:5 | Reached skill level 13 in Fighting
 10849 | Vaults:5 | Reached skill level 13 in Short Blades
 10849 | Vaults:5 | Reached skill level 13 in Long Blades
 10849 | Vaults:5 | Reached skill level 13 in Axes
 10849 | Vaults:5 | Reached skill level 13 in Maces & Flails
 10849 | Vaults:5 | Reached skill level 13 in Polearms
 10849 | Vaults:5 | Reached skill level 13 in Staves
 10849 | Vaults:5 | Reached skill level 13 in Slings
 10849 | Vaults:5 | Reached skill level 13 in Bows
 10849 | Vaults:5 | Reached skill level 13 in Crossbows
 10849 | Vaults:5 | Reached skill level 13 in Throwing
 10849 | Vaults:5 | Reached skill level 13 in Shields
 10849 | Vaults:5 | Reached skill level 13 in Unarmed Combat
 10849 | Vaults:5 | Reached skill level 14 in Invocations
 10849 | Vaults:5 | Reached skill level 13 in Evocations
 10887 | Vaults:4 | Learned a level 4 spell: Animate Dead
 10976 | Vaults:5 | Noticed an ancient lich
 10988 | Vaults:5 | Killed an ancient lich
 10991 | Vaults:5 | Reached skill level 14 in Spellcasting
 11015 | Vaults:5 | Got a dazzling shield
 11065 | Vaults:5 | Got a silver rune of Zot
 11083 | Vaults:5 | Identified the cursed +0 shield of Qazlal's Envy {rC+ Int+5} (You took it off a vault warden on level 5 of the Vaults)
 11121 | Vaults:5 | Identified the Tome of Spatial Calling
 11127 | Vaults:5 | Learned a level 4 spell: Passage of Golubria
 11152 | Vaults:5 | Reached skill level 14 in Dodging
 11166 | Vaults:5 | Got a translucent eveningstar {distort}
 11259 | Vaults:5 | Got a shimmering lapis lazuli ring
 11261 | Vaults:5 | Identified the ring of the Seeker {rPois EV+5 Str-4 Int+4} (You found it on level 5 of the Vaults)
 11354 | Vaults:5 | Noticed a golden dragon
 11360 | Vaults:5 | Killed a golden dragon
 11360 | Vaults:5 | Reached skill level 14 in Stealth
 11428 | Vaults:5 | Identified Olommat's Thorough Guide to Witchcraft
 11478 | Vaults:5 | Found the +3 robe of Clouds {+Fly rElec}
 11489 | Vaults:5 | Learned a level 5 spell: Aura of Abjuration
 11502 | Vaults:5 | Got a pair of transparent gloves
 11508 | Vaults:5 | Identified the cursed +0 pair of gloves of Bedevilment {rN+ Dex+3 SInv} (You found it on level 5 of the Vaults)
 11529 | Vaults:5 | Reached XP level 21. HP: 163/163 MP: 29/39
 11648 | Vaults:5 | Identified the Almanac of Dusty Bewitchment (You acquired it on level 5 of the Vaults)
 11653 | Vaults:5 | Learned a level 3 spell: Spectral Weapon
 11821 | Vaults:2 | Found a staircase to the Crypt.
 11821 | Vaults:2 | Found an ancient bone altar of Kikubaaqudgha.
 11822 | Vaults:2 | Found a basalt altar of Yredelemnul.
 11836 | Vaults:2 | Identified the +2 eveningstar of Sunlight {distort, Dex+4} (You took it off a vault warden on level 5 of the Vaults)
 11850 | Vaults:2 | Cast into level 3 of the Abyss (a distortion unwield)
 11852 | Abyss:3  | Reached skill level 14 in Axes
 11854 | Abyss:3  | Got an abyssal rune of Zot
 11856 | Abyss:3  | Gained mutation: You are frail. (-10% HP) [mutagenic glow]
 11884 | Abyss:3  | Gained mutation: Scrolls take you a little longer to read. [mutagenic glow]
 11888 | Abyss:3  | Reached skill level 12 in Conjurations
 11913 | Vaults:2 | Escaped the Abyss
 11913 | Vaults:2 | Gained mutation: You are dopey. (Int -2) [mutagenic glow]
 11916 | Crypt:1  | Entered Level 1 of the Crypt
 11986 | Crypt:1  | Lost mutation: You are dopey. (Int -2) [potion of mutation]
 11986 | Crypt:1  | Lost mutation: You are resistant to hostile enchantments. (MR+) [potion of mutation]
 11986 | Crypt:1  | Lost mutation: You are frail. (-10% HP) [potion of mutation]
 11986 | Crypt:1  | Lost mutation: Your body sometimes deteriorates upon taking damage. [potion of mutation]
 11986 | Crypt:1  | Gained mutation: You are weak. (Str -2) [potion of mutation]
 11986 | Crypt:1  | Gained mutation: Your spells are a little easier to cast, but a little less powerful. [potion of mutation]
 11986 | Crypt:1  | Gained mutation: Your movements are slightly less encumbered by armour. (ER -2) [potion of mutation]
 11987 | Crypt:1  | Lost mutation: Scrolls take you a little longer to read. [potion of mutation]
 11987 | Crypt:1  | Lost mutation: Your flesh is cold resistant. (rC+) [potion of mutation]
 11987 | Crypt:1  | Gained mutation: You have a pair of small antennae on your head. [potion of mutation]
 11987 | Crypt:1  | Gained mutation: You are very weak. (Str -4) [potion of mutation]
 11987 | Crypt:1  | Gained mutation: You have a pair of antennae on your head. [potion of mutation]
 11988 | Crypt:1  | Lost mutation: You are very weak. (Str -4) [potion of mutation]
 11988 | Crypt:1  | Lost mutation: Your spells are a little easier to cast, but a little less powerful. [potion of mutation]
 11988 | Crypt:1  | Lost mutation: You are weak. (Str -2) [potion of mutation]
 11988 | Crypt:1  | Lost mutation: You have a pair of antennae on your head. [potion of mutation]
 11988 | Crypt:1  | Gained mutation: Your system is resistant to poisons. (rPois) [potion of mutation]
 11988 | Crypt:1  | Gained mutation: You do not regenerate when monsters are visible. [potion of mutation]
 11988 | Crypt:1  | Gained mutation: Your movements are less encumbered by armour. (ER -4) [potion of mutation]
 11989 | Crypt:1  | Lost mutation: You have a pair of small antennae on your head. [potion of mutation]
 11989 | Crypt:1  | Lost mutation: You do not regenerate when monsters are visible. [potion of mutation]
 11989 | Crypt:1  | Lost mutation: Your system is resistant to poisons. (rPois) [potion of mutation]
 11989 | Crypt:1  | Gained mutation: Armour fits poorly on your strangely shaped body. [potion of mutation]
 11989 | Crypt:1  | Gained mutation: You passively map a small area around you. [potion of mutation]
 11989 | Crypt:1  | Gained mutation: Your muscles are strong. (Str +2) [potion of mutation]
 12055 | Crypt:3  | Entered Level 3 of the Crypt
 12145 | Crypt:3  | Noticed an ancient lich
 12146 | Crypt:3  | Noticed an ancient lich
 12151 | Crypt:3  | Killed an ancient lich
 12152 | Crypt:3  | Paralysed by an ancient lich for 3 turns
 12153 | Crypt:3  | Killed an ancient lich
 12191 | Crypt:3  | Reached skill level 15 in Invocations
 12191 | Crypt:3  | Reached skill level 12 in Hexes
 12191 | Crypt:3  | Reached skill level 12 in Charms
 12191 | Crypt:3  | Reached skill level 12 in Summonings
 12191 | Crypt:3  | Reached skill level 12 in Necromancy
 12191 | Crypt:3  | Reached skill level 12 in Translocations
 12191 | Crypt:3  | Reached skill level 12 in Transmutations
 12191 | Crypt:3  | Reached skill level 12 in Fire Magic
 12191 | Crypt:3  | Reached skill level 13 in Ice Magic
 12191 | Crypt:3  | Reached skill level 12 in Air Magic
 12191 | Crypt:3  | Reached skill level 12 in Earth Magic
 12191 | Crypt:3  | Reached skill level 12 in Poison Magic
 12353 | Crypt:3  | Reached skill level 14 in Fighting
 12353 | Crypt:3  | Reached skill level 14 in Short Blades
 12353 | Crypt:3  | Reached skill level 14 in Long Blades
 12353 | Crypt:3  | Reached skill level 14 in Maces & Flails
 12353 | Crypt:3  | Reached skill level 14 in Polearms
 12353 | Crypt:3  | Reached skill level 14 in Staves
 12353 | Crypt:3  | Reached skill level 14 in Slings
 12353 | Crypt:3  | Reached skill level 14 in Bows
 12353 | Crypt:3  | Reached skill level 14 in Crossbows
 12353 | Crypt:3  | Reached skill level 14 in Throwing
 12353 | Crypt:3  | Reached skill level 14 in Shields
 12353 | Crypt:3  | Reached skill level 14 in Unarmed Combat
 12353 | Crypt:3  | Reached skill level 14 in Evocations
 12383 | Crypt:3  | Found a staircase to the Tomb.
 12395 | Tomb:1   | Entered Level 1 of the Tomb of the Ancients
 12494 | Tomb:1   | Noticed a greater mummy
 12494 | Tomb:1   | Noticed a greater mummy
 12516 | Tomb:1   | Reached XP level 22. HP: 172/172 MP: 35/40
 12528 | Tomb:1   | Noticed a greater mummy
 12534 | Tomb:1   | Killed a greater mummy
 12534 | Tomb:1   | Reached skill level 16 in Armour
 12537 | Tomb:1   | Noticed a greater mummy
 12548 | Tomb:1   | Killed a greater mummy
 12548 | Tomb:1   | Reached skill level 15 in Axes
 12551 | Tomb:1   | Noticed a greater mummy
 12560 | Tomb:1   | Killed a greater mummy
 12575 | Tomb:1   | Noticed a greater mummy
 12585 | Tomb:1   | Killed a greater mummy
 12603 | Tomb:1   | Noticed a greater mummy
 12613 | Tomb:1   | Killed a greater mummy
 12617 | Tomb:1   | Noticed a greater mummy
 12620 | Tomb:1   | Noticed a greater mummy
 12627 | Tomb:1   | Killed a greater mummy
 12627 | Tomb:1   | Reached skill level 15 in Spellcasting
 12632 | Tomb:1   | Killed a greater mummy
 12647 | Tomb:1   | Noticed a greater mummy
 12656 | Tomb:1   | Killed a greater mummy
 12666 | Tomb:1   | Noticed a greater mummy
 12677 | Tomb:1   | Noticed a greater mummy
 12678 | Tomb:1   | Noticed a greater mummy
 12682 | Tomb:1   | Killed a greater mummy
 12682 | Tomb:1   | Reached skill level 15 in Dodging
 12684 | Tomb:1   | Killed a greater mummy
 12688 | Tomb:1   | Killed a greater mummy
 12692 | Tomb:1   | Noticed a greater mummy
 12700 | Tomb:1   | Killed a greater mummy
 12712 | Tomb:1   | Reached skill level 15 in Stealth
 12857 | Tomb:2   | Learned a level 9 spell: Shatter
 12861 | Tomb:3   | Entered Level 3 of the Tomb of the Ancients
 12885 | Tomb:3   | Noticed Baghtru's ghost (veteran MiFi)
 12886 | Tomb:3   | Noticed a greater mummy
 12886 | Tomb:3   | Noticed an ancient lich
 12889 | Tomb:3   | Noticed a greater mummy
 12889 | Tomb:3   | Noticed a greater mummy
 12889 | Tomb:3   | Killed an ancient lich
 12889 | Tomb:3   | HP: 22/224 [??? (5)]
 12890 | Tomb:3   | HP: 4/224 [greater mummy/divine providence (10)]
 12928 | Tomb:3   | Identified the Reference Book on Malediction
 12929 | Tomb:3   | Found the +4 robe of Augmentation {Str+4 Int+4 Dex+4}
 12932 | Tomb:3   | Identified the Almanac of Stones and Ice
 12938 | Tomb:3   | Reached XP level 23. HP: 110/179 MP: 37/42
 12944 | Zig:1    | Entered Level 1 of a ziggurat
 12957 | Zig:2    | Entered Level 2 of a ziggurat
 12957 | Zig:2    | Found the amulet of the Air {Inacc +Fly rElec EV+5 RMsl}
 12973 | Zig:3    | Entered Level 3 of a ziggurat
 12973 | Zig:3    | Noticed a Killer Klown
 12985 | Zig:3    | Killed a Killer Klown
 12987 | Zig:3    | Got a warped platinum amulet
 12989 | Zig:3    | Identified the amulet of Wuatug Uqya {Gourm rF+ MR- Int+9 Slay+3} (You found it on level 3 of a ziggurat)
 12998 | Zig:3    | Got a shimmering tin amulet
 13000 | Zig:3    | Identified the amulet "Havak" {Spirit rElec} (You found it on level 3 of a ziggurat)
 13031 | Zig:4    | Entered Level 4 of a ziggurat
 13036 | Zig:4    | Reached skill level 16 in Axes
 13054 | Zig:4    | Got a slimy morningstar
 13055 | Zig:4    | Identified the cursed +0 morningstar "Sedduz" {flame, rElec rN+ Str+2} (You found it on level 4 of a ziggurat)
 13065 | Zig:5    | Entered Level 5 of a ziggurat
 13107 | Zig:6    | Entered Level 6 of a ziggurat
 13124 | Zig:6    | Reached skill level 16 in Invocations
 13146 | Zig:7    | Entered Level 7 of a ziggurat
 13157 | Zig:7    | Reached skill level 13 in Conjurations
 13180 | Zig:8    | Entered Level 8 of a ziggurat
 13187 | Zig:8    | Noticed Ycsanist the pandemonium lord
 13197 | Zig:8    | HP: 10/234 [Ycsanist the pandemonium lord (15)]
 13198 | Zig:8    | Killed Ycsanist the pandemonium lord
 13198 | Zig:8    | Slain by an eldritch tentacle

Skill      XL: |  1  2  3  4  5  6  7  8  9 10 11 12 13 14 15 16 17 18 19 20 21 22 23 |
---------------+----------------------------------------------------------------------+-----
Conjurations   | 2 3 4 5 6 7 8 9 10 11 12 13 | 13.0
Spellcasting   | 5 6 7 8 9 10 11 12 13 14 15 | 15.6
Fighting       | 1 2 3 4 5 6 7 8 9 10 11 12 13 14 | 14.9
Short Blades   | 1 2 3 4 5 6 7 8 9 10 11 12 13 14 | 14.9
Long Blades    | 1 2 3 4 5 6 7 8 9 10 11 12 13 14 | 14.9
Axes           | 1 2 3 4 5 6 7 8 9 10 11 12 13 14 15 16 | 16.4
Maces & Flails | 1 2 3 4 5 6 7 8 9 10 11 12 13 14 | 14.9
Polearms       | 1 2 3 4 5 6 7 8 9 10 11 12 13 14 | 14.9
Staves         | 1 2 3 4 5 6 7 8 9 10 11 12 13 14 | 14.9
Slings         | 1 2 3 4 5 6 7 8 9 10 11 12 13 14 | 14.9
Bows           | 1 2 3 4 5 6 7 8 9 10 11 12 13 14 | 14.9
Crossbows      | 1 2 3 4 5 6 7 8 9 10 11 12 13 14 | 14.9
Throwing       | 1 2 3 4 5 6 7 8 9 10 11 12 13 14 | 14.9
Armour         | 1 2 3 4 5 6 7 8 10 11 12 14 15 16 | 16.6
Shields        | 1 2 3 4 5 6 7 8 9 10 11 12 13 14 | 14.9
Unarmed Combat | 1 2 3 4 5 6 7 8 9 10 11 12 13 14 | 14.9
Invocations    | 1 2 3 4 5 6 7 8 9 10 11 12 13 14 15 16 | 16.1
Evocations     | 1 2 3 4 5 6 7 8 9 10 11 12 13 14 | 14.9
Hexes          | 1 2 3 4 5 6 7 8 9 10 11 12 | 12.9
Charms         | 1 2 3 4 5 6 7 8 9 10 11 12 | 12.9
Summonings     | 1 2 3 4 5 6 7 8 9 10 11 12 | 12.9
Necromancy     | 1 2 3 4 5 6 7 8 9 10 11 12 | 12.9
Translocations | 1 2 3 4 5 6 7 8 9 10 11 12 | 12.9
Transmutations | 1 2 3 4 5 6 7 8 9 10 11 12 | 12.9
Fire Magic     | 1 2 3 4 5 6 7 8 9 10 11 12 | 12.9
Air Magic      | 1 2 3 4 5 6 7 8 9 10 11 12 | 12.9
Earth Magic    | 1 2 3 4 5 6 7 8 9 10 11 12 | 12.9
Poison Magic   | 1 2 3 4 5 6 7 8 9 10 11 12 | 12.9
Dodging        | 5 6 7 8 9 10 11 12 13 14 15 | 15.5
Stealth        | 5 6 7 8 9 10 11 12 13 14 15 | 15.4
Ice Magic      | 6 7 8 9 10 11 12 13 | 13.8

Action                   |  1- 3 |  4- 6 |  7- 9 | 10-12 | 13-15 | 16-18 | 19-21 | 22-24 || total
-------------------------+-------+-------+-------+-------+-------+-------+-------+-------++-------
Melee: Quarterstaff      |    12 |    66 |    35 |       |       |       |       |       ||   113
       Flail             |     3 |       |       |       |     3 |       |       |       ||     6
       Bite              |     3 |     5 |    25 |    59 |    88 |    87 |    79 |    35 ||   381
       Unarmed           |     1 |       |       |       |     8 |     5 |   118 |    71 ||   203
       War axe           |       |       |    91 |   195 |   132 |   152 |     2 |       ||   572
       Dagger            |       |       |    12 |    41 |    35 |    25 |     2 |       ||   115
       Short sword       |       |       |     4 |       |       |       |       |       ||     4
       Punch             |       |       |     3 |    14 |     8 |       |       |       ||    25
       Scimitar          |       |       |       |     5 |    22 |       |       |       ||    27
       Dire flail        |       |       |       |    11 |    16 |       |       |       ||    27
       Demon trident     |       |       |       |       |   245 |   327 |    28 |       ||   600
       Broad axe         |       |       |       |       |       |       |   230 |    46 ||   276
Throw: Tomahawk          |       |       |     2 |    79 |   101 |    54 |    23 |    11 ||   270
       Throwing net      |       |       |       |       |       |     1 |       |       ||     1
       Javelin           |       |       |       |       |       |       |       |     2 ||     2
 Cast: Freeze            |    19 |    45 |     9 |       |     4 |       |       |       ||    77
       Ozocubu's Armour  |       |     6 |    14 |    34 |    22 |       |       |       ||    76
       Summon Ice Beast  |       |       |    18 |    34 |     3 |       |       |       ||    55
       Throw Frost       |       |       |     1 |       |       |       |       |       ||     1
       Confuse           |       |       |       |    17 |     9 |       |       |       ||    26
       Summon Lightning  |       |       |       |       |    72 |    65 |     3 |     2 ||   142
       Statue Form       |       |       |       |       |    26 |    48 |    33 |    18 ||   125
       Borgnjor's Vile C |       |       |       |       |       |       |    60 |    33 ||    93
       Death Channel     |       |       |       |       |       |       |     4 |       ||     4
       Animate Dead      |       |       |       |       |       |       |     2 |       ||     2
       Aura of Abjuratio |       |       |       |       |       |       |       |     7 ||     7
       Shatter           |       |       |       |       |       |       |       |     1 ||     1
Invok: Bend Time         |       |       |       |     3 |     4 |       |       |       ||     7
       Slouch            |       |       |       |    10 |    13 |    23 |    15 |    11 ||    72
       Temporal Distorti |       |       |       |       |     1 |       |       |       ||     1
 Abil: End Transformatio |       |       |       |       |     5 |     8 |     7 |    14 ||    34
       Evoke Flight      |       |       |       |       |       |     1 |       |       ||     1
Evoke: Wand              |       |       |       |     7 |     8 |    17 |     8 |    13 ||    53
       Staff of energy   |       |       |       |       |       |    21 |     9 |    16 ||    46
       Phial of floods   |       |       |       |       |       |     1 |       |       ||     1
       Figurine of a zig |       |       |       |       |       |       |       |     1 ||     1
  Use: Scroll            |     3 |     3 |     3 |     7 |    17 |    15 |    18 |    16 ||    82
       Potion            |       |     2 |       |     9 |     6 |     4 |    11 |    13 ||    45
 Stab: Sleeping          |     4 |     4 |     3 |    18 |    18 |    24 |     9 |       ||    80
       Distracted        |       |       |     2 |     5 |    26 |    31 |     8 |     1 ||    73
       Confused          |       |       |       |       |     3 |       |       |       ||     3
       Petrifying        |       |       |       |       |     1 |       |       |       ||     1
       Petrified         |       |       |       |       |     1 |       |       |       ||     1
       Paralysed         |       |       |       |       |       |     1 |       |       ||     1
  Eat: Chunk             |       |     1 |       |     3 |     9 |     4 |       |       ||    17
       Ration            |       |       |     2 |       |     2 |     7 |     4 |     2 ||    17
Armor: Robe              |     3 |    36 |    70 |    56 |       |       |       |       ||   165
       Troll leather arm |       |       |       |    35 |    80 |     2 |       |     1 ||   118
       Skin              |       |       |       |       |   105 |   174 |   192 |    43 ||   514
Dodge: Dodged            |    27 |    83 |   209 |   357 |   407 |   637 |   950 |   195 ||  2865
Block: Shield            |       |       |       |       |   361 |   608 |   697 |   170 ||  1836
       Reflection        |       |       |       |       |       |    28 |    33 |     1 ||    62
       Rpst.: Scimitar   |       |       |       |     2 |     2 |       |       |       ||     4

Table legend:
 A = Turns spent in this place as a percentage of turns spent in the entire game.
 B = Non-inter-level travel turns spent in this place as a percentage of non-inter-level travel turns spent in the entire game.
 C = Inter-level travel turns spent in this place as a percentage of turns spent in this place.
 D = Turns resting spent in this place as a percentage of non-inter-level travel turns spent in this place.
 E = Turns spent auto-exploring this place as a percentage of non-inter-level travel turns spent in this place.
 F = Non-inter-level travel turns spent in this place divided by the number of levels of this place that you've seen.
                   A       B       C       D       E      F
               +-------+-------+-------+-------+-------+----------------------
         Total | 100.0 | 100.0 |   0.6 |   0.0 |   0.0 | 238.5
       Dungeon |  27.8 |  27.7 |   0.9 |   0.0 |   0.0 | 259.9
          Lair |  10.4 |  10.4 |   0.0 |   0.0 |   0.0 | 227.8
        Shoals |  10.2 |  10.2 |   0.0 |   0.0 |   0.0 | 336.0
     Snake Pit |   6.3 |   6.3 |   0.0 |   0.0 |   0.0 | 207.5
    Slime Pits |   7.9 |   7.9 |   0.0 |   0.0 |   0.0 | 208.2
  Orcish Mines |  11.2 |  10.9 |   3.0 |   0.0 |   0.0 | 717.5
        Vaults |  16.1 |  16.2 |   0.0 |   0.0 |   0.0 | 423.8
         Crypt |   3.6 |   3.7 |   0.0 |   0.0 |   0.0 | 159.7
          Tomb |   4.2 |   4.2 |   0.0 |   0.0 |   0.0 | 183.0
         Abyss |   0.5 |   0.5 |   0.0 |   0.0 |   0.0 |  63.0
      Ziggurat |   1.9 |   1.9 |   0.0 |   0.0 |   0.0 |  31.8
               +-------+-------+-------+-------+-------+----------------------

Table legend:
 A = Kills in this place as a percentage of kills in entire the game.
 B = Kills by you in this place as a percentage of kills by you in the entire game.
 C = Kills by friends in this place as a percentage of kills by friends in the entire game.
 D = Other kills in this place as a percentage of other kills in the entire game.
 E = Experience gained in this place as a percentage of experience gained in the entire game.
 F = Experience gained in this place divided by the number of levels of this place that you have seen.
                   A       B       C       D       E      F
               +-------+-------+-------+-------+-------+----------------------
         Total | 100.0 | 100.0 | 100.0 | 100.0 | 100.0 | 13958.2
       Dungeon |  20.9 |  19.5 |  27.3 |  10.5 |   5.3 | 2901.7
          Lair |   7.3 |   5.8 |  13.8 |   0.0 |   2.6 | 3352.7
        Shoals |  10.3 |   8.1 |  19.6 |   5.3 |   9.5 | 18324.0
     Snake Pit |   7.1 |   6.1 |  11.5 |   0.0 |   6.0 | 11549.0
    Slime Pits |   7.0 |   7.7 |   4.2 |   5.3 |  10.6 | 16264.8
  Orcish Mines |  10.7 |  11.0 |  10.4 |   0.0 |   2.4 | 9092.5
        Vaults |  18.7 |  19.3 |  12.3 |  73.7 |  30.2 | 46304.4
         Crypt |   5.8 |   7.3 |   0.0 |   0.0 |   6.5 | 16510.7
          Tomb |   6.5 |   8.0 |   0.8 |   0.0 |  17.8 | 45532.0
         Abyss |   1.5 |   1.8 |   0.0 |   5.3 |   1.4 | 10612.0
      Ziggurat |   4.3 |   5.5 |   0.0 |   0.0 |   7.8 | 7462.0
               +-------+-------+-------+-------+-------+----------------------

Vault maps used:
D:1:      dpeg_arrival_snail
D:2:      minmay_diamond_boxcup, minmay_crystal_water
D:3:      overflow_temple_1_default, chequers_ecumenical_altar_island,
          tgw_fedhas, uniq_natasha
D:4:      cheibrodos_quashed, first_ration, cheibriados_altar_1
D:5:      minmay_item_behind_shaft, minivault_1, kennysheep_generic_room_3,
          uniq_duvessa, uniq_pikel
D:6:      lemuel_temple_firewalk_b
D:7:      serial_shops, nicolae_shop_behind_doors, shop, amethyst_killhole,
          grunt_livestock, nicolae_gozag_seed_capital
D:8:      serial_shops, nicolae_shop_stone, uniq_maurice, uniq_erica
D:9:      lemuel_bear_cage, laboratory
D:10:     minivault_22
D:11:     david_lair_shrubbed, orc_0_dummy, introduction_to_nature_2
D:12:     sword_in_stone, uniq_psyche, uniq_nessos
D:13:     minmay_mutant_horseshoe
D:14:     grunt_vaults_entry_tiered, serial_shops, shop, dk_noncrumbling_3,
          uniq_roxanne, uniq_rupert
Lair:2:   shoals_dummy_entry, minmay_snake_entry_six_corridors,
          portal_ice_cave_rime, nicolae_volcano_entry_two_sided, ldierk_geyser,
          minmay_lindwurm_lava
Lair:3:   minivault_24, fungi_pond_lemuel, wad_woods_road_03, uniq_fannar
Lair:4:   uniq_snorg
Lair:5:   kennysheep_basilisk_garden
Lair:6:   guppyfry_lair_end_dragon, nicolae_slime_entry_slimehenge, minivault_11
Shoals:1: nicolae_shoals_kraken_intersection
Shoals:2: uniq_kirke, uniq_aizul, uniq_polyphemus
Shoals:3: nicolae_shoals_this_corrosion
Shoals:4: shoals_end_grunt_ice, shoals_ilsuiw_ice, uniq_mara
Snake:1:  grunt_ministairs_6
Snake:2:  serial_bayou_pond_c, uniq_asterion
Snake:4:  minmay_snake_end_coiled
Slime:1:  nicolae_slime_phagocytosis
Slime:2:  nicolae_slime_jelly_donut
Orc:1:    serial_shops, nicolae_shop_competitors_out_of_business, basic_altar
Orc:2:    pubby_orc_utopia, serial_shops
Vaults:1: v_rooms_5, v_misc_26, vaults_room_boxed, ontoclasm_vaults_gateway,
          hangedman_vaults_nodes, dpeg_vaults_monster_box, vaults_dpeg_ring,
          vaults_dpeg_diagonal
Vaults:2: vaults_room_stairs_pillars, v_misc_25, grunt_vaults_diagonal,
          minmay_crypt_entry_necro_gods, vaults_standard_mumra_x,
          vaults_mumra_chevron, hangedman_vaults_corner_blocks,
          ontoclasm_vaults_ligature, nicolae_vaults_mini_display_case,
          vaults_mumra_minichess, nicolae_vaults_little_squares_6,
          vaults_room_door_hall, vaults_room_ringed_pool, uniq_donald
Vaults:3: ontoclasm_vaults_water_temple, v_misc_32, v_alt_pattern_1,
          nicolae_vaults_windows_and_doors_thing, hangedman_vaults_impose,
          vaults_room_semicircle, hangedman_vaults_corner,
          vaults_dpeg_encased_lava, hangedman_vaults_locks,
          nicolae_vaults_angled_halls, hangedman_vaults_trim,
          nicolae_vaults_asterisk, vaults_mumra_minichess_inversion,
          nicolae_vaults_angled_halls, nicolae_vaults_little_squares_6,
          uniq_jory, uniq_saint_roka
Vaults:4: nicolae_vaults_angled_halls, nicolae_vaults_puzzle_piece, v_misc_23,
          nicolae_vaults_asterisk, v_misc_28, vaults_mumra_chevron_long,
          vaults_room_semicircle, vaults_room_octagon,
          nicolae_vaults_what_the_h, v_misc_18, nicolae_vaults_little_squares_6,
          hangedman_vaults_slither, st_lattice, vaults_dpeg_spiral,
          ontoclasm_vaults_ring_small, vaults_room_semicircle, v_pattern_3,
          vaults_dpeg_hooks
Vaults:5: uniq_jorgrun, uniq_frederick, uniq_margery
Crypt:1:  grunt_crypt_arrival_guarded_gate, grunt_megastairs_2
Crypt:2:  lemuel_upstairs_altar
Crypt:3:  evilmike_haunted_forest, uniq_sojobo, uniq_khufu, uniq_xtahua
Abyss:3:  nicolae_abyss_rune_left_handed
Zig:8:    ziggurat_pillar_centre_dead_trees
